 Dungeon Crawl Stone Soup version 0.21-a0-426-g98080a9 (webtiles) character file.

49 nikopol the Firebug (level 3, -2/19 HPs)
             Began as a Deep Elf Fire Elementalist on Nov 6, 2017.
             Slain by Robin
             ... wielding a +1 mace of protection
              (5 damage)
             ... on level 2 of the Dungeon.
             The game lasted 00:04:22 (978 turns).

nikopol the Firebug (Deep Elf Fire Elementalist)     Turns: 978, Time: 00:04:22

Health: -2/19      AC:  2    Str:  5    XL:     3   Next: 51%
Magic:  0/10       EV: 13    Int: 20    God:
Gold:   103        SH:  0    Dex: 15    Spells: 3/9 levels left

rFire    + . .     SeeInvis .   g - +0 dagger
rCold    + . .     Gourm    .   (no shield)
rNeg     . . .     Faith    .   a - +0 robe
rPois    .         Spirit   .   (no helmet)
rElec    .         Reflect  .   d - scarf {rC+ rF+}
rCorr    .         Harm     .   (no gloves)
MR       .....                  (no boots)
Stlth    ++........             (no amulet)
HPRegen  0.06/turn              (no ring)
MPRegen  0.12/turn              (no ring)

@: no status effects
A: no striking features
a: no special abilities


You were on level 2 of the Dungeon.
You were not hungry.

You visited 1 branch of the dungeon, and saw 2 of its levels.

You collected 103 gold pieces.

Inventory:

Hand Weapons
 g - a +0 dagger (weapon)
Armour
 a - a +0 robe (worn)
 d - a scarf of resistance (worn)
 m - a +0 helmet
Scrolls
 i - a scroll of noise {unknown}
 l - 3 scrolls of teleportation {unknown}
 n - a scroll of immolation {unknown}
 o - 3 scrolls of identify {unknown}
 q - a scroll of amnesia {unknown}
Potions
 e - a potion of curing {unknown}
 j - a potion of flight {unknown}
 k - a potion of degeneration {unknown}
 p - a potion of magic {unknown}
Books
 b - a book of Flames

   Spells                             Type                      Level
   a - Flame Tongue                   Conjuration/Fire             1
   b - Throw Flame                    Conjuration/Fire             2
   c - Conjure Flame                  Conjuration/Fire             3
   d - Inner Flame                    Hexes/Fire                   3
   e - Sticky Flame                   Conjuration/Fire             4
   f - Fireball                       Conjuration/Fire             5
Comestibles
 c - a bread ration
 f - 5 chunks of flesh
 h - 2 meat rations
 r - a royal jelly


   Skills:
 + Level 2.8 Dodging
 + Level 2.4 Stealth
 + Level 3.5 Spellcasting
 + Level 1.7 Conjurations
 + Level 4.3 Fire Magic


You had 3 spell levels left.
You knew the following spells:

 Your Spells              Type           Power        Failure   Level  Hunger
a - Flame Tongue          Conj/Fire      ###..        3%          1    None
b - Throw Flame           Conj/Fire      ###...       6%          2    ##.....
c - Conjure Flame         Conj/Fire      ###.....     12%         3    ###....


Dungeon Overview and Level Annotations

Branches:
Dungeon (2/15)

Altars:
The Shining One

Annotations:
D:2 Robin


Message History

You hit Robin but do no damage.
Robin is heavily wounded.
Robin closely misses you.
You hit Robin.
Robin is severely wounded.
You hit Robin but do no damage.
Robin is severely wounded.
Robin barely misses you.
You hit Robin but do no damage.
Robin is severely wounded.
Robin closely misses you.
You barely miss Robin.
Robin is severely wounded.
Robin hits you with a mace of protection!
Ouch! That really hurt!
* * * LOW HITPOINT WARNING * * *
You hit Robin but do no damage.
Robin is severely wounded.
Robin hits you with a mace of protection.
You die...

#.# #....####
##...# # #..##
#### #### #.g.
#.## ♣##########
#.## ♣@gK†.....#
##.>.
#########.####....
#...g......
..K....####....
#####.=# #....
#.[# #?#.# ...#
#.#.# ###.# #.#.#
#.# #.#.#


You could see Robin and a kobold.

Vanquished Creatures
  An ooze (D:1)
  2 dart slugs (D:1)
  A leopard gecko (D:1)
  5 bats (D:1)
  A giant cockroach (D:1)
  10 goblins
  3 hobgoblins
  3 jackals (D:1)
  A frilled lizard (D:1)
  4 kobolds (D:1)
  5 rats (D:1)
36 creatures vanquished.

Notes
Turn   | Place    | Note
-------+----------+-------------------------------------------
     0 | D:1      | nikopol the Deep Elf Fire Elementalist began the quest for the Orb.
     0 | D:1      | Reached XP level 1. HP: 10/10 MP: 6/6
   108 | D:1      | Reached XP level 2. HP: 15/15 MP: 4/8
   216 | D:1      | Reached skill level 4 in Fire Magic
   533 | D:1      | Reached XP level 3. HP: 19/19 MP: 3/9
   855 | D:2      | Found a glowing golden altar of the Shining One.
   882 | D:2      | Learned a level 2 spell: Throw Flame
   886 | D:2      | Learned a level 3 spell: Conjure Flame
   930 | D:2      | Noticed Robin
   978 | D:2      | Slain by Robin

Vault maps used:
D:1:      eino_arrival_cavern_b
D:2:      tso_metal_star, first_bread, serial_forest,
          infiniplex_forest_straight_4, infiniplex_forest_join,
          infiniplex_forest_end_3, infiniplex_forest_pool, serial_bayou_pond_d,
          minmay_small_reverse_x, uniq_robin

Skill      XL: |  1  2 |
---------------+-------+-----
Fire Magic     | 4 |  4.3
Dodging        | |  2.8
Stealth        | |  2.4
Spellcasting   | |  3.5
Conjurations   | |  1.7

Action                   || total
-------------------------++-------
Melee: Dagger            ||    12
 Cast: Flame Tongue      ||    66
Dodge: Dodged            ||    30

Table legend:
 A = Spawn XP
 B = Non-spawn XP
 C = Spawn XP percentage of total XP
 D = Spawn monster count
 E = Non-spawn monster count
 F = Spawn count percentage of total count
 G = Total turns spent on level
                    A         B        C        D         E        F      G
               +---------+---------+-------+---------+---------+-------+---------
         Total |       0 |      70 |   0.0 |       0 |      36 |   0.0 |   978
               +---------+---------+-------+---------+---------+-------+---------
           D:1 |       0 |      52 |   0.0 |       0 |      27 |   0.0 |   825
           D:2 |       0 |      18 |   0.0 |       0 |       9 |   0.0 |   153
               +---------+---------+-------+---------+---------+-------+---------
